 Dungeon Crawl Stone Soup version 0.22-a0-430-g6609fc6 (webtiles) character file.

3243 KristoblXynda the Cleaver (level 9, -5/76 HPs)
             Began as a Deep Dwarf Fighter on May 26, 2018.
             Was a Follower of Makhleb.
             Slain by a large slime creature (27 damage)
             ... on level 8 of the Dungeon.
             The game lasted 00:18:18 (6438 turns).

KristoblXynda the Cleaver (Deep Dwarf Fighter)      Turns: 6438, Time: 00:18:19

Health: -5/76      AC: 17    Str: 22    XL:     9   Next: 67%
Magic:  7/7        EV:  9    Int: 10    God:    Makhleb [*.....]
Gold:   382        SH: 11    Dex: 12    Spells: 8/8 levels left

rFire    . . .     SeeInvis .   b - +1 war axe (holy)
rCold    . . .     Gourm    .   c - +0 shield
rNeg     . . .     Faith    .   m - +2 ring mail {rPois}
rPois    +         Spirit   .   (no helmet)
rElec    .         Reflect  .   B - +2 cloak {+Inv}
rCorr    .         Harm     .   n - +0 pair of gloves
MR       ++...                  u - +0 pair of boots
Stlth    +.........             (no amulet)
HPRegen  0.00/turn              h - ring of protection from magic
MPRegen  0.10/turn              e - +3 ring of protection

@: non-regenerating
A: damage resistance, heal wounds, sense surroundings 2, no regeneration
a: Heal Wounds, Renounce Religion, Evoke Invisibility


You were on level 8 of the Dungeon.
You worshipped Makhleb.
Makhleb was aware of your devotion.
You were not hungry.

You visited 2 branches of the dungeon, and saw 9 of its levels.

You collected 382 gold pieces.

Inventory:

Hand Weapons
 b - a +1 war axe of holy wrath (weapon)
Missiles
 g - a throwing net (quivered)
Armour
 c - a +0 shield (worn)
 m - a +2 ring mail of poison resistance (worn)
 n - a +0 pair of gloves (worn)
 u - a +0 pair of boots (worn)
 B - a +2 cloak of invisibility (worn)
Jewellery
 e - a +3 ring of protection (right hand)
 h - a ring of protection from magic (left hand)
Wands
 t - a wand of iceblast (8)
Scrolls
 a - 2 scrolls of fog
 i - 4 scrolls of amnesia
 p - a scroll of teleportation
 r - a scroll of immolation
 x - a scroll of remove curse
Potions
 d - a potion of magic
 j - a potion of brilliance {unknown}
 k - a potion of cancellation
 l - 2 potions of resistance
 o - 3 potions of haste
 q - a potion of berserk rage
 v - a potion of mutation
 w - 2 potions of flight
 z - a potion of agility
Comestibles
 f - 20 rations


   Skills:
 + Level 3.4 Fighting
 + Level 10.4 Axes
 + Level 8.2 Armour
 + Level 8.2 Shields


You had 8 spell levels left.
You didn't know any spells.
Your spell library was empty.

Dungeon Overview and Level Annotations

Branches:
Dungeon (8/15)             Temple (1/1) D:6
   Lair: D:8-11

Altars:
Ashenzari
Cheibriados
Dithmenos
Elyvilon
Fedhas
Gozag
Hepliaklqana
Kikubaaqudgha
Makhleb
Nemelex Xobeh
Okawaru
Qazlal
Ru
Sif Muna
Trog
Uskayaw
Vehumet
Wu Jian
Xom
Yredelemnul
Zin
The Shining One

Shops:
D:8 *


Innate Abilities, Weirdness & Mutations

You are resistant to damage.
You can heal yourself by infusing magical energy.
You passively map the area around you.
You do not regenerate.


Message History

Evoke which item? (* to show all) (? for menu, Esc to quit)
Aiming: Iceblast
Press: ? - help, Shift-Dir - straight line The mass of ice explodes!
The iceblast engulfs the large slime creature.
The large slime creature is severely wounded.
Evoke which item? (* to show all) (? for menu, Esc to quit)
Aiming: Iceblast
Press: ? - help, Shift-Dir - straight line The mass of ice explodes!
The iceblast engulfs the large slime creature.
The large slime creature is severely wounded.
Evoke which item? (* to show all) (? for menu, Esc to quit)
Aiming: Iceblast
Press: ? - help, Shift-Dir - straight line The mass of ice explodes!
The iceblast engulfs the large slime creature.
The large slime creature is severely wounded.
The large slime creature hits you!!
You die...

.....#.........##.#.#.#..........
.....#........##.#.#.###.........
.....#....>...#(#.#.#.#..........
.....#........##.#.#†#.#.........
.....#........###.#.#.##.........
#...##........(#.#.#.##..#'####'#
###'####.#......##.##.#..........
........8#.......####............
.........#......@J..J............
......8.∩.8......................
.........#.......................
...>....8#.......................
#######..#....)..................
..............##+###.........####
..............#†)).#.........#...
..............#....#.........#...
..............#....#.........#...


You could see a large slime creature and a slime creature.

Vanquished Creatures
  The ghost of wazuzu the Cudgeler, an amateur NaBe of Trog (D:4)
  A slime creature (D:8)
  Sigmund (D:5)
  Eustachio (D:4)
  An orc warrior (D:6)
  4 sky beasts
  2 phantoms (D:4)
  A centaur (D:8)
  An ogre (D:6)
  Blork the orc (D:4)
  2 bullfrogs
  A water moccasin skeleton (D:8)
  17 killer bees
  3 howler monkeys
  A hound (D:4)
  2 centaur zombies
  Crazy Yiuf (D:6)
  2 bullfrog skeletons
  An orc priest (D:7)
  3 iguanas
  An orc wizard (D:6)
  2 worker ants
  A hound skeleton (D:4)
  13 adders
  4 gnolls (D:8)
  A shadow imp (D:6)
  4 worms
  A dart slug (D:1)
  6 leopard geckos
  4 orcs
  2 ball pythons (D:2)
  6 giant cockroaches
  6 goblins
  13 hobgoblins
  4 jackals (D:2)
  5 quokkas
  11 bats
  5 frilled lizards
  5 kobolds
  A leopard gecko skeleton (D:4)
  A quokka skeleton (D:7)
  A quokka zombie (D:6)
  9 rats
  2 fungi (D:6)
155 creatures vanquished.

Notes
Turn   | Place    | Note
-------+----------+-------------------------------------------
     0 | D:1      | KristoblXynda the Deep Dwarf Fighter began the quest for the Orb.
     0 | D:1      | Reached XP level 1. HP: 20/20 MP: 1/1
   106 | D:1      | Reached XP level 2. HP: 24/27 MP: 2/2
   395 | D:1      | Reached skill level 3 in Axes
   842 | D:2      | Reached XP level 3. HP: 26/33 MP: 3/3
  1086 | D:2      | Reached XP level 4. HP: 14/40 MP: 4/4
  1216 | D:2      | Reached skill level 4 in Axes
  1398 | D:3      | Reached XP level 5. HP: 13/46 MP: 5/5
  1806 | D:4      | Reached skill level 5 in Axes
  1822 | D:4      | Found a sparkling altar of Nemelex Xobeh.
  1837 | D:4      | Noticed Blork the orc
  1856 | D:4      | Killed Blork the orc
  1856 | D:4      | Reached XP level 6. HP: 14/55 MP: 5/5
  1907 | D:4      | Reached skill level 5 in Armour
  2130 | D:4      | Reached skill level 5 in Shields
  2261 | D:4      | Noticed wazuzu's ghost (amateur NaBe)
  2345 | D:4      | Killed wazuzu's ghost
  2345 | D:4      | Reached skill level 6 in Axes
  2345 | D:4      | Reached XP level 7. HP: 30/61 MP: 6/6
  2430 | D:4      | Found an opulent altar of Gozag.
  2444 | D:4      | Noticed Eustachio
  2533 | D:4      | Killed Eustachio
  2533 | D:4      | Reached skill level 7 in Axes
  2607 | D:5      | Entered Level 5 of the Dungeon
  2829 | D:5      | Noticed Sigmund
  2933 | D:5      | Reached XP level 8. HP: 14/68 MP: 7/7
  3191 | D:5      | Reached skill level 8 in Axes
  3601 | D:5      | Killed Sigmund
  3739 | D:5      | Found a blossoming altar of Fedhas.
  4055 | D:6      | Found a staircase to the Ecumenical Temple.
  4067 | Temple   | Entered the Ecumenical Temple
  4099 | Temple   | Became a worshipper of Makhleb the Destroyer
  4460 | D:6      | Reached skill level 9 in Axes
  4986 | D:6      | Found a runed door.
  4990 | D:6      | Noticed Crazy Yiuf
  4992 | D:6      | Killed Crazy Yiuf
  5060 | D:7      | Gained mutation: You passively map the area around you. [Deep Dwarf growth]
  5060 | D:7      | Reached XP level 9. HP: 14/74 MP: 7/7
  5162 | D:7      | Found a shimmering altar of Xom.
  5721 | D:8      | Reached * piety under Makhleb
  5722 | D:8      | Reached skill level 10 in Axes
  6012 | D:8      | Found Qaceheoli's General Store.
  6059 | D:8      | Noticed a queen bee
  6438 | D:8      | Slain by a large slime creature

Vault maps used:
D:1:      lightli_molten_gateway, minmay_misc_feat_rows
D:3:      minmay_statues_item
D:4:      nemelex_xobeh_ov_fountains_minmay, grunt_gozag_statues,
          uniq_eustachio, uniq_blork_the_orc
D:5:      marbit_many_paths, first_ration, uniq_sigmund
D:6:      minmay_temple_entry_crystal_x, uniq_crazy_yiuf_cottage
D:7:      basic_altar, kennysheep_generic_room_8
D:8:      serial_shops, nicolae_shop_statue_plus, david_nohive_1
Temple:   regret_index_temple_chain_breaker

Skill      XL: |  1  2  3  4  5  6  7  8  9 |
---------------+----------------------------+-----
Axes           | 3 4 5 6 7 9 10 | 10.4
Armour         | 4 5 6 7 8 |  8.2
Shields        | 4 5 6 7 8 |  8.2
Fighting       | 3 |  3.4

Action                   |  1- 3 |  4- 6 |  7- 9 || total
-------------------------+-------+-------+-------++-------
Melee: War axe           |    98 |   147 |   462 ||   707
 Abil: Heal Wounds       |       |     1 |     5 ||     6
Evoke: Wand              |       |       |    14 ||    14
  Use: Scroll            |       |    10 |    13 ||    23
       Potion            |       |     3 |    12 ||    15
  Eat: Chunk             |     1 |     3 |     2 ||     6
       Ration            |       |       |     4 ||     4
Armor: Scale mail        |    29 |       |       ||    29
       Ring mail         |    28 |    56 |   237 ||   321
Dodge: Dodged            |    45 |    75 |   204 ||   324
Block: Shield            |    63 |    85 |   276 ||   424

Table legend:
 A = Spawn XP
 B = Non-spawn XP
 C = Spawn XP percentage of total XP
 D = Spawn monster count
 E = Non-spawn monster count
 F = Spawn count percentage of total count
 G = Total turns spent on level
                    A         B        C        D         E        F      G
               +---------+---------+-------+---------+---------+-------+---------
         Total |       0 |    4633 |   0.0 |       0 |     153 |   0.0 |  6438
               +---------+---------+-------+---------+---------+-------+---------
           D:1 |       0 |      39 |   0.0 |       0 |      20 |   0.0 |   838
           D:2 |       0 |     102 |   0.0 |       0 |      37 |   0.0 |   546
           D:3 |       0 |     163 |   0.0 |       0 |      21 |   0.0 |   408
           D:4 |       0 |     974 |   0.0 |       0 |      11 |   0.0 |   837
           D:5 |       0 |     817 |   0.0 |       0 |      17 |   0.0 |  1236
           D:6 |       0 |     672 |   0.0 |       0 |      15 |   0.0 |   982
           D:7 |       0 |     577 |   0.0 |       0 |      12 |   0.0 |   556
           D:8 |       0 |    1289 |   0.0 |       0 |      20 |   0.0 |   856
               +---------+---------+-------+---------+---------+-------+---------
